 Dungeon Crawl Stone Soup version 0.32-a0-391-gce5c0aab1b (webtiles) character file.

Game seed: 5517705563853516865

164 IYTBazzie the Changeling (level 5, -5/25 HPs)
             Began as a Spriggan Shapeshifter on Dec 17, 2023.
             Was a Plaything of Xom.
             Succumbed to a scorpion's poison
             ... on level 3 of the Dungeon on Feb 19, 2024.
             The game lasted 00:07:52 (1586 turns).

IYTBazzie the Changeling (Spriggan Shapeshifter)    Turns: 1586, Time: 00:07:52

Health: -5/25      AC:  3    Str:  7 (8)  XL:     5   Next: 21%
Magic:  6/6        EV: 18    Int: 11 (12) God:    Xom [....*.]
Gold:   97         SH:  0    Dex: 16      Spells: 4/4 levels left

rFire   . . .        f - +0 war axe
rCold   . . .        (no shield)
rNeg    . . .        a - +1 animal skin
rPois   .            (helmet currently unavailable)
rElec   .            (cloak currently unavailable)
rCorr   .            (gloves unavailable)
SInv    +            (boots unavailable)
Will    .....        (no amulet)
Stlth   ++           (no ring)
HPRegen 0.24/turn    (no ring)
MPRegen 0.10/turn

%: no passive effects
@: lethally poisoned (-5 -> -24), beast-form, very quick
A: beast (slay +2), very small, no large weapons, unfitting armour, see
invisible, speed 3, deterioration 1, screaming 1, weak 1
a: Begin Untransformation, Renounce Religion


You were on level 3 of the Dungeon.
You worshipped Xom.
You were a beloved toy of Xom.
You were a hulking beast.
You visited 1 branch of the dungeon, and saw 3 of its levels.

You collected 97 gold pieces.

Inventory:

Hand Weapons
 f - a +0 war axe (weapon)
 h - a +0 dagger
Armour
 a - a +1 animal skin (worn)
 e - a +0 cloak
Talismans
 c - a beast talisman (active)
 d - a flux talisman
Potions
 b - a potion of mutation
 g - a potion of attraction


   Skills:
 + Level 1.2 Fighting
 + Level 0.9 Axes
 + Level 3.7 Dodging
 + Level 1.3 Stealth
 + Level 3.7 Unarmed Combat
 + Level 4.7 Shapeshifting


You had 4 spell levels left.
You didn't know any spells.
Your spell library contained the following spells:

 Spells                   Type           Power      Damage    Failure   Level
 Kiss of Death            Conj/Necr      0%         2d5       34%         1
 Confusing Touch          Hex            0%         N/A       71%         3
 Dispel Undead            Necr           0%         3d6       98%         4


Dungeon Overview and Level Annotations

Branches:
Dungeon (3/15)

Altars:
Xom


Innate Abilities, Weirdness & Mutations

You are a hulking beast.
Your limbs bulge with bestial killing power. (Slay +2)
You are very small and have problems with some larger weapons.
You are too small for most types of armour.
You have supernaturally acute eyesight. (SInv)
You cover ground extremely quickly. (Speed+++)
Your body sometimes deteriorates upon taking damage.
You occasionally shout uncontrollably at your foes.
You are weak. (Str -2)


Message History

The helpless dart slug fails to defend itself.
You slash the dart slug!
The dart slug is almost dead.
You hit the scorpion but do no damage. The scorpion barely misses you.
The dart slug misses you. The scorpion completely misses you.
You slash the dart slug!
You kill the dart slug!
You closely miss the scorpion. The scorpion misses you. x2
You hit the scorpion but do no damage. The scorpion closely misses you.
The scorpion stings you.
You are poisoned.
The scorpion poisons you!
You barely miss the scorpion.
Your body deteriorates!
You feel dopey.
You feel very sick. The scorpion stings you.
You are lethally poisoned!
The scorpion poisons you!
You slash the scorpion!
The scorpion is heavily wounded.
Your body deteriorates!
You feel weakened.
You feel very sick. The scorpion completely misses you.
The scorpion closely misses you.
You feel less attractive to monsters.
You are too injured to fight recklessly!
You are too injured to fight recklessly!
You aren't carrying any scrolls.
Okay, then.
Okay, then.
Okay, then.
You hit the scorpion.
The scorpion is heavily wounded.
* * * LOW HITPOINT WARNING * * *
You feel very sick. The scorpion stings you.
* * * LOW HITPOINT WARNING * * *
You are more poisoned.
The scorpion poisons you! The scorpion barely misses you.
You barely miss the scorpion.
The scorpion is heavily wounded.
You die...
Xom giggles madly!

..# ..# #
..# .# ##
#.. ...
..####. ..
..
.......#.#.#
......†.s..#
#h# #.# #.#
#.# #.# #.#
## #.### ..
#...# .#
###.##.#
#..#


You could see a scorpion.

Vanquished Creatures
  A bombardier beetle (D:2)
  4 adders (D:2)
  6 dart slugs
  An orc (D:3)
  3 endoplasms
  3 giant cockroaches (D:1)
  5 goblins
  A hobgoblin (D:2)
  3 jackals (D:1)
  5 kobolds
  A quokka (D:3)
  3 ball pythons
  4 bats
  6 frilled lizards
  4 rats
50 creatures vanquished.

Notes
Turn   | Place    | Note
-------+----------+-------------------------------------------
     0 | D:1      | IYTBazzie the Spriggan Shapeshifter began the quest for the
                  | Orb.
     0 | D:1      | Reached XP level 1. HP: 9/9 MP: 2/2
    20 | D:1      | Upgraded the game from 0.31-a0-1278-g11c5b68f87 to
                  | 0.32-a0-391-gce5c0aab1b
    68 | D:1      | Reached XP level 2. HP: 12/14 MP: 3/3
   207 | D:1      | Reached XP level 3. HP: 17/17 MP: 4/4
   686 | D:2      | Found a shimmering altar of Xom.
   692 | D:2      | Became a worshipper of Xom of Bone-Dry Humour
   809 | D:2      | Reached XP level 4. HP: 21/21 MP: 5/5
   947 | D:2      | XOM: smoke on damage
   948 | D:2      | Reached skill level 1 in Fighting
   948 | D:2      | Reached skill level 1 in Stealth
  1030 | D:2      | XOM: potion effect (haste)
  1135 | D:2      | Reached XP level 5. HP: 25/25 MP: 6/6
  1328 | D:2      | XOM: silly message
  1358 | D:2      | XOM: give mutation
  1358 | D:2      | Gained mutation: You are agile. (Dex +4, Str/Int -1) [Xom's
                  | grace]
  1535 | D:3      | XOM: god gift: staff of alchemy
  1540 | D:3      | Lost mutation: You are agile. (Dex +4, Str/Int -1) [potion
                  | of mutation]
  1540 | D:3      | Gained mutation: You occasionally shout uncontrollably at
                  | your foes. [potion of mutation]
  1540 | D:3      | Gained mutation: You are weak. (Str -2) [potion of
                  | mutation]
  1540 | D:3      | Gained mutation: Your body sometimes deteriorates upon
                  | taking damage. [potion of mutation]
  1585 | D:3      | HP: 1/25 [scorpion (6)]
  1586 | D:3      | Succumbed to a scorpion's poison

Illustrated notes

Levels and vault maps discovered:
D:1:      tarquinn_simple_flora_water_a, layout_basic
D:2:      layout_loops_ring, basic_altar, minmay_tetromino_s2
D:3:      layout_loops_ring, solitary_fountain, uniq_crazy_yiuf_cottage,
          uniq_jessica

Skill      XL: |  1  2  3  4 |
---------------+-------------+-----
Dodging        | 3 |  3.7
Unarmed Combat | 3 |  3.7
Fighting       | 1 |  1.2
Stealth        | 1 |  1.3
Axes           | |  0.9
Shapeshifting  | |  4.7

Action                     |  1- 3 |  4- 6 || total
---------------------------+-------+-------++-------
  Melee: Unarmed           |    77 |     6 ||    83
         War axe           |       |    51 ||    51
    Use: Potion            |     3 |     4 ||     7
         Scroll            |     3 |     1 ||     4
   Stab: Sleeping          |     1 |     3 ||     4
 Armour: Animal skin       |    16 |    15 ||    31
         Skin              |     3 |       ||     3
  Dodge: Dodged            |    50 |    52 ||   102
   Form: Beast             |     1 |       ||     1

Table legend: (Time is in decaauts)
 A = Elapsed time spent in this place.
 B = Non-inter-level travel time spent in this place.
 C = Inter-level travel time spent in this place.
 D = Time resting spent in this place.
 E = Time spent auto-exploring this place.
 F = Levels seen in this place.
 G = Mean time per level.
                   A        B        C        D        E       F      G
               +--------+--------+--------+--------+--------+-----+--------+
         Total |   1083 |   1026 |     57 |      0 |    736 |   3 |  361.0 |
       Dungeon |   1083 |   1026 |     57 |      0 |    736 |   3 |  361.0 |
               +--------+--------+--------+--------+--------+-----+--------+

Top non-repeatable levels by time:
     D:2: 556 daAuts
     D:1: 427 daAuts
     D:3: 99 daAuts
